 Dungeon Crawl Stone Soup version 0.30.1 (webtiles) character file.

Game seed: 8771172388618992106

47 cdecastro the Magician (level 3, 0/27 HPs)
             Began as a Djinni Ice Elementalist on July 7, 2023.
             Slain by Terence
             ... wielding a +4 trident of freezing
              (8 damage)
             ... on level 2 of the Dungeon.
             The game lasted 00:03:57 (1588 turns).

cdecastro the Magician (Djinni Ice Elementalist)    Turns: 1588, Time: 00:03:58

Health: 0/27       AC:  2    Str:  7    XL:     3   Next: 97%
Gold:   43         EV: 12    Int: 18    God:
                   SH:  0    Dex: 13

rFire   + + .        c - +0 short sword
rCold   x . .        (no shield)
rNeg    . . .        a - +0 robe
rPois   ∞            (no helmet)
rElec   .            (no cloak)
rCorr   .            (no gloves)
SInv    .            (boots unavailable)
Will    .....        (no amulet)
Stlth   ++           (no ring)
HPRegen 0.24/turn    (no ring)
MPRegen 0.00/turn

%: infuse magic (-1 HP)
@: flying
A: sickness immunity, fire resistance 2, cold vulnerability 1, float, innate
caster, HP casting, extra vitality 1
a: no special abilities


You were on level 2 of the Dungeon.
You visited 1 branch of the dungeon, and saw 2 of its levels.

You collected 43 gold pieces.

Inventory:

Hand Weapons
 c - a +0 short sword (weapon)
Missiles
 f - a throwing net
Armour
 a - a +0 robe (worn)
Jewellery
 b - a ring of resist corrosion
Scrolls
 e - a scroll of amnesia {unknown}
 g - a scroll of blinking {unknown}
 h - a scroll of noise {unknown}
 i - 4 scrolls of identify {unknown}
Potions
 d - 2 potions of ambrosia {unknown}
 j - 2 potions of degeneration {unknown}
 k - a potion of haste {unknown}
 l - a potion of berserk rage {unknown}
 m - a potion of curing {unknown}
 n - a potion of flight {unknown}


   Skills:
 + Level 1.5 Fighting
 - Level 2.1 Dodging
 - Level 1.5 Stealth
 * Level 3.9 Spellcasting


You knew the following spells:

 Your Spells              Type           Power      Damage    Failure   Level
a - Freeze                Ice            68%        1d8       3%          1
b - Frozen Ramparts       Ice            34%        1d6       9%          3
c - Ozocubu's Armour      Ice            17%        N/A       9%          3
d - Summon Ice Beast      Ice/Summ       17%        N/A       28%         4
e - Kiss of Death         Conj/Necr      68%        2d10      3%          1
Your spell library was empty.

Dungeon Overview and Level Annotations

Branches:
Dungeon (2/15)

Altars:

Shops:
D:1 !

Annotations:
D:2 Jessica, Terence


Innate Abilities, Weirdness & Mutations

You are immune to sickness and miasma.
You are immune to poison.
Your flesh is very heat resistant. (rF++)
You are vulnerable to cold. (rC-)
You float through the air rather than walking.
You learn spells naturally, not from books.
Your magical power is your life essence.
You have superior vitality. (+4 MHP)


Message History

You now have enough gold to buy a potion of curing on D:1, buy a potion of flight on D:1, or buy a potion of lignification on D:1.
You can access your shopping list by pressing '$'.
You now have 43 gold pieces (gained 12).
Things that are here:
a +0 dagger; a goblin corpse
i - 2 scrolls labelled GEYLOL JUOCS (gained 1)
A bat comes into view.
The bat barely misses you. The bat hits you.
Aiming: Freeze (safe; 3% risk of failure)
Press: ? - help, Q - select action, (/) - cycle Shift-Dir - straight line, f - bat
Aim: a bat You freeze the bat.
You kill the bat!
Unknown command.
A hobgoblin comes into view.
The hobgoblin shouts!
The hobgoblin misses you.
Aiming: Freeze (safe; 3% risk of failure)
Press: ? - help, Q - select action, (/) - cycle Shift-Dir - straight line, f - hobgoblin
Aim: a hobgoblin You freeze the hobgoblin.
You kill the hobgoblin!
Unknown command.
i - 3 scrolls labelled GEYLOL JUOCS (gained 1)
You see here a hobgoblin corpse.
Found 4 stones.
i - 4 scrolls labelled GEYLOL JUOCS (gained 1)
You see here 4 stones.
Found a stone staircase leading up.
There is a stone staircase leading up here.
Found 7 stones.
You see here 7 stones.
You see here 7 stones.
Terence shouts!
Terence hits you from afar with a +4 trident of freezing!
Terence freezes you!
* * * LOW HITPOINT WARNING * * *
Terence hits you from afar with a +4 trident of freezing!
You die...

######.### #.........
#.####.### #.# #.# # #.#
########.####.# #.#
#.............# #.#
#.##..........#
#.########.##.###.###.##
#.##)....<..@.....$....#
#.##.#####....###.###..#
#.##.#####...@###.# #
#####..................
..(..........#...###@..#
########.#####...# #.#..
########.# #...# #. ###
.........# #...# #.
########## #....


You could see Terence.

Vanquished Creatures
  2 worms
  3 ball pythons (D:2)
  6 bats
  4 endoplasms
  A giant cockroach (D:1)
  8 goblins
  4 hobgoblins
  4 kobolds (D:1)
  A quokka (D:1)
  2 frilled lizards (D:1)
  2 rats (D:1)
37 creatures vanquished.

Notes
Turn   | Place    | Note
-------+----------+-------------------------------------------
     0 | D:1      | cdecastro the Djinni Ice Elementalist began the quest for
                  | the Orb.
     0 | D:1      | cdecastro set off with the following spells memorised:
                  | Freeze, Frozen Ramparts, Ozocubu's Armour, Summon Ice
                  | Beast.
     0 | D:1      | Reached XP level 1. HP: 15/15 MP: 0/0
   100 | D:1      | Found Nutwitroab's Distillery.
   208 | D:1      | Reached XP level 2. HP: 21/22 MP: 0/0
   369 | D:1      | Reached skill level 1 in Fighting
   544 | D:1      | Reached XP level 3. HP: 19/27 MP: 0/0
   544 | D:1      | Learned a level 1 spell: Kiss of Death
   986 | D:2      | Noticed Terence
   995 | D:2      | Noticed Jessica
  1588 | D:2      | Slain by Terence

Illustrated notes

Levels and vault maps discovered:
D:1:      dpeg_arrival_simpleton_a, layout_basic, serial_shops, shop, hex_medium
D:2:      layout_loops_ring, basic_ecumenical_altar, minmay_pentomino_w2,
          uniq_jessica, uniq_terence

Skill      XL: |  1  2 |
---------------+-------+-----
Fighting       | 1 |  1.5
Dodging        | |  2.1
Stealth        | |  1.5
Spellcasting   | |  3.9

Action                     || total
---------------------------++-------
  Melee: Short sword       ||    10
   Cast: Freeze            ||    59
   Stab: Sleeping          ||     1
 Armour: Robe              ||     8
  Dodge: Dodged            ||    31
